AoeStats
← Bloody5115

Glade

510616468Analyzed
1v1 RM · 2d ago on Oct 1, 2026· 39m 56s· 2 players
Game mode
Random Map
Map size
Tiny (2 player)
Population
200
Speed
Normal
Resources
Standard
Victory
Conquest
Starting age
Dark Age
Ending age
Imperial Age
RankedLock teamsTeams togetherTeam positionsShared explorationLock speedFull tech treeHidden civsTurbo modeCheats
Victory
Defeat
🇺🇸 Danes · United States
386
+18
🇨🇾 Chinese · Cyprus
434
-18
Bloody5115
10:52 Feudal Age
11:24 Double-Bit Axe
16:24 Horse Collar
22:25 Castle Age
20:54 Loom
21:48 Wheelbarrow
22:00 Scale Barding Armor
21:53 Fletching
24:22 Heavy Plow
24:34 Bow Saw
35:11 Imperial Age
34:05 Scale Mail Armor
34:16 Forging
34:01 Bodkin Arrow
38:05 Chain Mail Armor
ketrysh
13:26 Feudal Age
14:48 Wheelbarrow
14:03 Double-Bit Axe
21:35 Gold Mining
25:59 Castle Age
26:14 Light Cavalry
27:14 Hand Cart
29:25 Bloodlines
29:16 Husbandry
31:02 Gold Shaft Mining
30:19 Stone Mining
34:22 Crossbowman
35:08 Thumb Ring
36:46 Murder Holes
Connection lost

Rejoining the realm…

Still unreachable

The connection could not be restored.

Session expired

The server has moved on; the page needs a fresh start.